 Dungeon Crawl Stone Soup version 0.24-a0-176-gc3651c4 (webtiles) character file.

Game seed: 17780876946091993222

149 Gunnerkreig the Conjurer (level 5, -1/38 HPs)
             Began as a Draconian Wizard on Mar 13, 2019.
             Slain by a river rat (7 damage)
             ... on level 3 of the Dungeon.
             The game lasted 00:06:23 (2178 turns).

Gunnerkreig the Conjurer (Draconian Wizard)         Turns: 2178, Time: 00:06:26

Health: -1/38      AC:  6    Str:  9    XL:     5   Next: 9%
Magic:  0/10       EV: 12    Int: 20    God:
Gold:   154        SH:  0    Dex:  9    Spells: 10/11 levels left

rFire    . . .     SeeInvis .   d - +1 spear
rCold    . . .     Gourm    .   (no shield)
rNeg     . . .     Faith    .   (armour unavailable)
rPois    .         Spirit   .   a - +0 hat
rElec    .         Reflect  .   (no cloak)
rCorr    .         Harm     .   g - +0 pair of gloves
MR       .....                  (no boots)
Stlth    +.........             (no amulet)
HPRegen  0.12/turn              (no ring)
MPRegen  0.12/turn              (no ring)

@: lethally poisoned (-1 -> -7), very slow
A: unfitting armour, cold-blooded, AC +5
a: no special abilities


You were on level 3 of the Dungeon.
You were not hungry.

You visited 1 branch of the dungeon, and saw 3 of its levels.

You collected 154 gold pieces.

Inventory:

Hand Weapons
 d - a +1 spear (weapon)
Missiles
 h - 5 poisoned javelins (quivered)
Armour
 a - a +0 hat (worn)
 g - a +0 pair of gloves (worn)
 k - a +0 shield
Scrolls
 b - a scroll of identify
 f - 2 scrolls of remove curse
 i - a scroll of enchant armour {unknown}
 j - 2 scrolls of teleportation
 o - a scroll of fog {unknown}
Potions
 l - a potion of lignification
Comestibles
 c - 7 rations
 m - 6 chunks of flesh


   Skills:
 - Level 1.7 Dodging
 - Level 1.7 Stealth
 + Level 3.9 Spellcasting
 * Level 4.1 Conjurations
   Level 1.0 Summonings
   Level 1.0 Translocations


You had 10 spell levels left.
You knew the following spells:

 Your Spells              Type           Power        Failure   Level  Hunger
a - Magic Dart            Conj           ###.         2%          1    None

Your spell library contained the following spells:

 Spells                   Type           Power        Failure   Level  Hunger
 Blink                    Tloc           N/A          13%         2    ##.....
 Call Imp                 Summ           #.......     13%         2    ##.....
 Conjure Flame            Conj/Fire      ##......     17%         3    ###....
 Slow                     Hex            #.......     21%         2    ##.....
 Mephitic Cloud           Conj/Pois/Air  #.......     22%         3    ###....


Dungeon Overview and Level Annotations

Branches:
Dungeon (3/15)

Altars:


Innate Abilities, Weirdness & Mutations

Your plain brown scales are hard. (AC +5)
You cannot fit into any form of body armour.
You are cold-blooded and may be slowed by cold attacks.


Message History

You kill the adder!
Casting: Magic Dart (safe; 2% risk of failure)
Confirm with . or Enter, or press ? or * to list all spells.
Aiming: Magic Dart (safe; 2% risk of failure)
Press: ? - help, Shift-Dir - straight line, f - river rat
Aim: a river rat The magic dart hits the river rat.
The river rat is lightly wounded.
You feel sick. The river rat bites you.
* * * LOW HITPOINT WARNING * * *
Throwing (i - inventory)
h - 6 poisoned javelins (quivered)
Press: ? - help, Shift-Dir - straight line, f/p - river rat
Aim: a river rat (lightly wounded)
You throw a poisoned javelin.
The poisoned javelin closely misses the river rat.
You hear a splash.
You hear the rusting of a drain.
* * * LOW HITPOINT WARNING * * *
You feel sick. The river rat bites you!
You die...

,,,,,** ********
**,,,* ***≈*≈≈#≈*
*,,,,* *≈≈≈**≈*≈*
,,,*,*****≈*≈##≈*≈*
,,,,,,,,,*≈*≈#≈≈*≈*
,,,,,,,,,*≈*≈#≈##≈*
,,,,,,,,,*≈#≈#≈≈≈≈*
,,,,,,..,*≈#≈#≈####
,,,,,....*∩#(≈≈r@≈#
#........########≈#
$........≈≈≈≈≈≈≈≈≈#
.........≈≈#≈#≈#####
..........≈.≈≈≈≈≈..#
#.....###.....≈....#
##.................#
..##...#.....####..#
..####...##.#####.##


You could see a river rat.

Vanquished Creatures
  6 adders
  A river rat (D:3)
  5 worms
  4 dart slugs
  6 bats
  4 giant cockroaches
  9 goblins
  4 hobgoblins
  10 jackals
  A kobold (D:1)
  A quokka (D:2)
  4 frilled lizards
  8 rats
63 creatures vanquished.

Notes
Turn   | Place    | Note
-------+----------+-------------------------------------------
     0 | D:1      | Gunnerkreig the Draconian Wizard began the quest for the
                  | Orb.
     0 | D:1      | Reached XP level 1. HP: 14/14 MP: 4/4
   391 | D:1      | Reached XP level 2. HP: 20/20 MP: 4/6
   445 | D:1      | Reached skill level 2 in Conjurations
   818 | D:1      | Reached XP level 3. HP: 26/26 MP: 4/7
  1191 | D:2      | Reached skill level 3 in Conjurations
  1311 | D:2      | Reached XP level 4. HP: 33/33 MP: 4/9
  2146 | D:3      | Reached skill level 4 in Conjurations
  2159 | D:3      | Reached XP level 5. HP: 22/38 MP: 3/10
  2178 | D:3      | Slain by a river rat

Levels and vault maps discovered:
D:1:      dpeg_arrival_arbitrary_c, layout_loops_ring, minmay_door_square
D:2:      layout_rooms
D:3:      layout_rooms, lightli_sewer_entry_pipes, minmay_strange_pillars,
          minivault_27

Skill      XL: |  1  2  3  4 |
---------------+-------------+-----
Conjurations   | 2 3 4 |  4.1
Dodging        | |  1.7
Stealth        | |  1.7
Spellcasting   | |  3.9
Summonings     | |  1.0
Translocations | |  1.0

Action                   |  1- 3 |  4- 6 || total
-------------------------+-------+-------++-------
Melee: Spear             |    69 |    43 ||   112
       Tailslap          |     5 |     1 ||     6
Throw: Javelin           |       |     3 ||     3
 Cast: Magic Dart        |    60 |    68 ||   128
  Use: Scroll            |       |     6 ||     6
  Eat: Chunk             |     1 |     3 ||     4
Armor: Skin              |    14 |    21 ||    35
Dodge: Dodged            |    41 |    34 ||    75

Table legend:
 A = Non-vault XP
 B = Vault XP
 C = Vault XP percentage of total XP
 D = Non-vault monster count
 E = Vault monster count
 F = Vault count percentage of total count
                 A         B        C        D         E       F
            +---------+---------+-------+---------+---------+-------
      Total |     170 |      43 |  20.2 |      57 |       6 |   9.5
            +---------+---------+-------+---------+---------+-------
        D:1 |      44 |       0 |   0.0 |      20 |       0 |   0.0
        D:2 |      96 |       0 |   0.0 |      28 |       0 |   0.0
        D:3 |      30 |      43 |  58.9 |       9 |       6 |  40.0
            +---------+---------+-------+---------+---------+-------
